 Dungeon Crawl Stone Soup version 0.28.0-45-g0d030f2227 (webtiles) character file.

Game seed: 3892394833793634094

56 Kaptain the Digger (level 3, -3/20 HPs)
             Began as a Gargoyle Earth Elementalist on Apr 1, 2022.
             Slain by a gnoll
             ... wielding a +2 flail of protection
              (10 damage)
             ... on level 2 of the Dungeon.
             The game lasted 00:03:46 (1425 turns).

Kaptain the Digger (Gargoyle Earth Elementalist)    Turns: 1425, Time: 00:03:47

Health: -3/20      AC:  5    Str: 11    XL:     3   Next: 95%
Magic:  0/6        EV: 12    Int: 17    God:
Gold:   36         SH:  0    Dex: 10    Spells: 5/6 levels left

rFire   . . .      SeeInvis .   a - +0 hunting sling
rCold   . . .      Faith    .   (no shield)
rNeg    + . .      Spirit   .   b - +0 robe
rPois   ∞          Reflect  .   (no helmet)
rElec   +          Harm     .   (no cloak)
rCorr   .          Rampage  .   (no gloves)
Will    .....                   (no boots)
Stlth   ++........              (no amulet)
HPRegen 0.06/turn               (no ring)
MPRegen 0.10/turn               (no ring)

@: no status effects
A: sickness immunity, AC +3, negative energy resistance 1, electricity
resistance, torment resistance 1, petrification resistance
a: no special abilities


You were on level 2 of the Dungeon.
You visited 1 branch of the dungeon, and saw 2 of its levels.

You collected 36 gold pieces.

Inventory:

Hand Weapons
 a - a +0 hunting sling (weapon)
 g - a +0 falchion
Missiles
 c - 59 stones
 d - 19 sling bullets (quivered ammo)
Armour
 b - a +0 robe (worn)
 j - a +0 kite shield
Scrolls
 e - a scroll of torment {unknown}
 f - a scroll of identify {unknown}
 i - a scroll of noise {unknown}
 k - a scroll of amnesia {unknown}
Potions
 h - a potion of curing {unknown}
 l - 2 potions of magic {unknown}


   Skills:
 * Level 1.5 Fighting
 + Level 0.9 Armour
 + Level 1.8 Dodging
 - Level 2.1 Stealth
 * Level 2.3 Spellcasting
 * Level 1.3 Conjurations
 - Level 0.7 Transmutations
 * Level 4.1 Earth Magic


You had 5 spell levels left.
You knew the following spells:

 Your Spells              Type           Power      Damage    Failure   Level
a - Sandblast             Erth           32%        2d9       3%          1

Your spell library contained the following spells:

 Spells                   Type           Power      Damage    Failure   Level
 Passwall                 Tmut/Erth      8%         N/A       11%         2
 Stone Arrow              Conj/Erth      22%        3d8       19%         3
 Ozocubu's Armour         Ice            2%         N/A       50%         3
 Petrify                  Tmut/Erth      10%        N/A       56%         4
 Ozocubu's Refrigeration  Ice            1%         4d5       100%        7


Dungeon Overview and Level Annotations

Branches:
Dungeon (2/15)

Altars:
Okawaru


Innate Abilities, Weirdness & Mutations

You are immune to sickness and miasma.
Your stone body is resilient. (AC +3)
You are immune to poison.
You resist negative energy. (rN+)
You are resistant to electric shocks. (rElec)
You are resistant to unholy torment.
You are immune to petrification.


Message History

Unknown command.
Casting: Sandblast (safe; 3% risk of failure)
Confirm with . or Enter, or press ? or * to list all spells.
Aiming: Sandblast (safe; 3% risk of failure)
Press: ? - help, Shift-Dir - straight line, f - gnoll
Aim: a gnoll, wielding a +2 flail of protection (82% to hit)
The blast of sand hits the gnoll.
The gnoll is moderately wounded.
c - 62 stones The gnoll hits you with a +2 flail of protection.
* * * LOW HITPOINT WARNING * * *
Casting: Sandblast (safe; 3% risk of failure)
Confirm with . or Enter, or press ? or * to list all spells.
Aiming: Sandblast (safe; 3% risk of failure)
Press: ? - help, Shift-Dir - straight line, f/p - gnoll
Aim: a gnoll, wielding a +2 flail of protection (moderately wounded, 82% to hit)
The blast of sand misses the gnoll.
The blast of sand hits the endoplasm.
You kill the endoplasm!
c - 61 stones The gnoll closely misses you.
Casting: Sandblast (safe; 3% risk of failure)
Confirm with . or Enter, or press ? or * to list all spells.
Aiming: Sandblast (safe; 3% risk of failure)
Press: ? - help, Shift-Dir - straight line, f/p - gnoll
Aim: a gnoll, wielding a +2 flail of protection (moderately wounded, 82% to hit)
The blast of sand hits the gnoll but does no damage.
The gnoll is moderately wounded.
c - 60 stones The gnoll hits you but does no damage.
Casting: Sandblast (safe; 3% risk of failure)
Confirm with . or Enter, or press ? or * to list all spells.
Aiming: Sandblast (safe; 3% risk of failure)
Press: ? - help, Shift-Dir - straight line, f/p - gnoll
Aim: a gnoll, wielding a +2 flail of protection (moderately wounded, 82% to hit)
The blast of sand misses the gnoll.
c - 59 stones The gnoll misses you.
The gnoll hits you with a +2 flail of protection!
Ouch! That really hurt!
You die...

#........#..#..# #.....
#..............####>...#
######......##.........
#.####.#......###.#
######.# #.#...##.# #..
#....#.# #.#......# ###
#....#.# #....#####
######....#.#####...#
#.........#.@.......#
#.#####.###g.########
#.# #....g...# #g#
########## #.# #.# #.#
### #.# ..# #.#


You could see 2 gnolls.

Vanquished Creatures
  An adder (D:2)
  A gnoll (D:2)
  A worm (D:2)
  A dart slug (D:1)
  2 bats
  4 endoplasms
  A giant cockroach (D:1)
  2 goblins
  3 hobgoblins (D:1)
  A quokka (D:2)
  4 ball pythons (D:1)
  3 frilled lizards
  6 kobolds
  2 rats (D:1)
32 creatures vanquished.

Notes
Turn   | Place    | Note
-------+----------+-------------------------------------------
     0 | D:1      | Kaptain the Gargoyle Earth Elementalist began the quest for
                  | the Orb.
     0 | D:1      | Reached XP level 1. HP: 10/10 MP: 3/3
   219 | D:1      | Reached XP level 2. HP: 16/16 MP: 5/5
   652 | D:1      | Found a faded altar of an unknown god.
   655 | D:1      | Reached skill level 1 in Fighting
   741 | D:1      | Reached skill level 1 in Conjurations
   783 | D:1      | Reached XP level 3. HP: 20/20 MP: 6/6
   784 | D:1      | Reached skill level 4 in Earth Magic
  1155 | D:2      | Found an iron altar of Okawaru.
  1425 | D:2      | Slain by a gnoll

Illustrated notes

Levels and vault maps discovered:
D:1:      doesnt_arrival_eight_statues, layout_basic,
          chequers_ecumenical_altar_island
D:2:      layout_basic, basic_altar, chequers_serial_rivers_room_b,
          minmay_tetromino_l4, uniq_natasha

Skill      XL: |  1  2  3 |
---------------+----------+-----
Fighting       | 1 |  1.5
Conjurations   | 1 |  1.3
Earth Magic    | 4 |  4.1
Armour         | |  0.9
Dodging        | |  1.8
Stealth        | |  2.1
Spellcasting   | |  2.3
Transmutations | |  0.7

Action                   || total
-------------------------++-------
 Fire: Hunting sling     ||    42
 Cast: Sandblast         ||    28
Armor: Robe              ||     2
Dodge: Dodged            ||     6
